 Dungeon Crawl Stone Soup version 0.27.1-33-g824d729ab1 (webtiles) character file.

Game seed: 7124563428076889806

195 zeram the Grave Robber (level 5, -4/31 (37) HPs)
             Began as a Gnoll Necromancer on Dec 21, 2021.
             Slain by a necrophage (7 damage)
             ... on level 4 of the Dungeon.
             The game lasted 00:06:00 (5510 turns).

zeram the Grave Robber (Gnoll Necromancer)          Turns: 5510, Time: 00:06:00

HP:   -4/31 (37)    AC:  2    Str:  7    XL:     5   Next: 74%
MP:   12/12         EV: 13    Int: 15    God:
Gold: 228           SH:  0    Dex: 13    Spells: 10/14 levels left

rFire    . . .     SeeInvis .   g - +0 spear
rCold    . . .     Faith    .   (no shield)
rNeg     . . .     Spirit   .   a - +0 robe
rPois    .         Reflect  .   (no helmet)
rElec    .         Harm     .   (no cloak)
rCorr    .         Rampage  .   (no gloves)
Will     .....                  (no boots)
Stlth    +++.......             (no amulet)
HPRegen  0.10/turn              (no ring)
MPRegen  0.13/turn              (no ring)

@: about to teleport, heavily drained
A: fangs 1, strong nose, distributed training
a: no special abilities


You were on level 4 of the Dungeon.
You visited 1 branch of the dungeon, and saw 4 of its levels.

You collected 228 gold pieces.

Inventory:

Hand Weapons
 g - a +0 spear (weapon)
Missiles
 c - a throwing net
Armour
 a - a +0 robe (worn)
Wands
 l - a wand of iceblast (7)
Potions
 b - a potion of degeneration {unknown}
 d - a potion of haste {unknown}
 e - 2 potions of lignification {unknown}
 h - a potion of cancellation
 i - a potion of curing
 j - a potion of magic {unknown}


   Skills:
 + Level 1.6 Fighting
 + Level 1.6 Short Blades
 + Level 1.6 Long Blades
 + Level 1.6 Axes
 + Level 1.6 Maces & Flails
 + Level 1.6 Polearms
 + Level 1.6 Staves
 + Level 1.6 Slings
 + Level 1.6 Bows
 + Level 1.6 Crossbows
 + Level 1.6 Throwing
 + Level 1.6 Armour
 + Level 4.8 Dodging
 + Level 4.4 Stealth
 + Level 1.6 Shields
 + Level 1.6 Unarmed Combat
 + Level 5.2 Spellcasting
 + Level 1.3 Conjurations
 + Level 1.3 Hexes
 + Level 1.3 Summonings
 + Level 7.2 Necromancy
 + Level 1.3 Translocations
 + Level 1.3 Transmutations
 + Level 1.3 Fire Magic
 + Level 1.3 Ice Magic
 + Level 1.3 Air Magic
 + Level 1.3 Earth Magic
 + Level 1.3 Poison Magic
 + Level 1.8 Invocations
 + Level 1.6 Evocations


You had 10 spell levels left.
You knew the following spells:

 Your Spells              Type           Power      Damage    Failure   Level
a - Pain                  Necr           100%       1d9       1%          1
b - Vampiric Draining     Necr           12%        2d7       2%          3

Your spell library contained the following spells:

 Spells                   Type           Power      Damage    Failure   Level
 Animate Skeleton         Necr           50%        N/A       1%          1
 Corpse Rot               Necr/Air       N/A        N/A       4%          2
 Animate Dead             Necr           12%        N/A       9%          4
 Dispel Undead            Necr           25%        3d12      9%          4
 Beastly Appendage        Tmut           14%        N/A       10%         1
 Static Discharge         Conj/Air       7%         N/A       14%         2
 Wereblood                Tmut           7%         N/A       14%         2
 Agony                    Necr           25%        N/A       22%         5
 Spider Form              Tmut/Pois      3%         N/A       28%         3
 Sticky Flame             Conj/Fire      7%         2d3       67%         4
 Death Channel            Necr           12%        N/A       77%         6


Dungeon Overview and Level Annotations

Branches:
Dungeon (4/15)
 Temple: D:4-7

Altars:
Makhleb


Innate Abilities, Weirdness & Mutations

You have very sharp teeth.
Your uncanny sense of smell can sniff out nearby items.
Your experience applies equally to all skills.


Message History

You hit the orc but do no damage.
The orc is almost dead.
The orc hits you with a +0 whip. x2
You hit the orc but do no damage.
The orc is almost dead.
The orc barely misses you.
You hit the orc but do no damage.
The orc is almost dead.
The orc misses you.
You hit the orc but do no damage.
The orc is almost dead.
The orc closely misses you.
You feel better. The orc hits you with a +0 whip.
You hit the orc.
You kill the orc!
You hit the necrophage but do no damage.
The necrophage is moderately damaged.
The necrophage hits you.
You feel drained.
You hit the necrophage but do no damage.
The necrophage is moderately damaged.
The necrophage hits you.
You feel drained.
You hit the necrophage.
The necrophage is moderately damaged.
The necrophage misses you.
You hit the necrophage.
The necrophage is heavily damaged.
The necrophage hits you.
You feel drained.
* * * LOW HITPOINT WARNING * * *
You completely miss the necrophage.
You bite the necrophage, but do no damage.
The necrophage is heavily damaged.
The necrophage closely misses you.
You completely miss the necrophage.
The necrophage is heavily damaged.
The necrophage hits you.
* * * LOW HITPOINT WARNING * * *
Okay, then.
As you read the scroll of teleportation, it crumbles to dust.
You feel strangely unstable. The necrophage hits you!
You die...

#.........##.....##....
########..##.....##...#
#...##..####..##...).#...[.
#...#....>....#......#.....
#...#.........##.....##...#
#...#..>......#########...#
#...##..###...##...........
#...##..###...##.>.........
#..:..{Kn@...##.....###'##
...##.....#####...#####'##....
..........## ##.## ###.....
..........# .# #.....
#...##..### ∆ ##...# #.. #..#
###+### .. .... ∆ ∆ #...... .
...). ....... [##..# ..#.###


You could see a necrophage and a kobold.

Vanquished Creatures
  A scorpion (D:2)
  A jelly (D:3)
  5 adders
  2 dart slugs
  3 orcs
  3 endoplasms (D:2)
  4 giant cockroaches
  4 goblins
  5 hobgoblins
  2 jackals (D:2)
  3 quokkas
  5 ball pythons
  6 bats
  A frilled lizard (D:1)
  6 kobolds
  6 rats
57 creatures vanquished.

Vanquished Creatures (others)
  3 plants (D:2)
3 creatures vanquished.

Grand Total: 60 creatures vanquished

Notes
Turn   | Place    | Note
-------+----------+-------------------------------------------
     0 | D:1      | zeram the Gnoll Necromancer began the quest for the Orb.
     0 | D:1      | Reached XP level 1. HP: 13/13 MP: 6/6
   623 | D:1      | Reached XP level 2. HP: 18/19 MP: 5/7
  1479 | D:1      | Found a faded altar of an unknown god.
  1485 | D:1      | Identified a scroll of acquirement
  1485 | D:1      | Acquired a book of Decay
  1569 | D:2      | Reached XP level 3. HP: 16/25 MP: 9/9
  1837 | D:2      | Reached skill level 5 in Spellcasting
  2222 | D:2      | HP: 1/25 [adder (2)]
  2225 | D:2      | Reached skill level 1 in Invocations
  2646 | D:2      | Reached skill level 1 in Fighting
  2646 | D:2      | Reached skill level 1 in Short Blades
  2646 | D:2      | Reached skill level 1 in Long Blades
  2646 | D:2      | Reached skill level 1 in Axes
  2646 | D:2      | Reached skill level 1 in Maces & Flails
  2646 | D:2      | Reached skill level 1 in Polearms
  2646 | D:2      | Reached skill level 1 in Staves
  2646 | D:2      | Reached skill level 1 in Slings
  2646 | D:2      | Reached skill level 1 in Bows
  2646 | D:2      | Reached skill level 1 in Crossbows
  2646 | D:2      | Reached skill level 1 in Throwing
  2646 | D:2      | Reached skill level 1 in Armour
  2646 | D:2      | Reached skill level 1 in Shields
  2646 | D:2      | Reached skill level 1 in Unarmed Combat
  2646 | D:2      | Reached skill level 1 in Evocations
  3058 | D:2      | Reached XP level 4. HP: 14/32 MP: 11/11
  3251 | D:2      | Noticed a scorpion
  3262 | D:2      | Killed a scorpion
  3263 | D:2      | Reached skill level 1 in Conjurations
  3263 | D:2      | Reached skill level 1 in Hexes
  3263 | D:2      | Reached skill level 1 in Summonings
  3263 | D:2      | Reached skill level 1 in Translocations
  3263 | D:2      | Reached skill level 1 in Transmutations
  3263 | D:2      | Reached skill level 1 in Fire Magic
  3263 | D:2      | Reached skill level 1 in Ice Magic
  3263 | D:2      | Reached skill level 1 in Air Magic
  3263 | D:2      | Reached skill level 1 in Earth Magic
  3263 | D:2      | Reached skill level 1 in Poison Magic
  3263 | D:2      | Reached XP level 5. HP: 5/37 MP: 1/12
  3267 | D:2      | Learned a level 3 spell: Vampiric Draining
  4234 | D:3      | Found a burning altar of Makhleb.
  5470 | D:4      | Noticed a necrophage
  5510 | D:4      | Slain by a necrophage

Illustrated notes

Levels and vault maps discovered:
D:1:      dpeg_arrival_oval, layout_loops_cross,
          shapermc_ecumenical_altar_mp_vishouse,
          hangedman_abyss_or_decor_lesser_grid
D:2:      layout_basic, serial_forest, infiniplex_forest_end_2,
          infiniplex_forest_zigzag_1, infiniplex_forest_clump_double,
          infiniplex_forest_end_3
D:3:      layout_basic, mainiacjoe_overflow_surrounded_room, grunt_ministairs_9,
          chequers_serial_rivers_marsh
D:4:      layout_gridville, grunt_temple_overflow_cloverleaf,
          gammafunk_ghost_cemetery

Skill      XL: |  1  2  3  4 |
---------------+-------------+-----
Spellcasting   | 5 |  5.2
Invocations    | 1 |  1.8
Fighting       | 1 |  1.6
Short Blades   | 1 |  1.6
Long Blades    | 1 |  1.6
Axes           | 1 |  1.6
Maces & Flails | 1 |  1.6
Polearms       | 1 |  1.6
Staves         | 1 |  1.6
Slings         | 1 |  1.6
Bows           | 1 |  1.6
Crossbows      | 1 |  1.6
Throwing       | 1 |  1.6
Armour         | 1 |  1.6
Shields        | 1 |  1.6
Unarmed Combat | 1 |  1.6
Evocations     | 1 |  1.6
Conjurations   | 1 |  1.3
Hexes          | 1 |  1.3
Summonings     | 1 |  1.3
Translocations | 1 |  1.3
Transmutations | 1 |  1.3
Fire Magic     | 1 |  1.3
Ice Magic      | 1 |  1.3
Air Magic      | 1 |  1.3
Earth Magic    | 1 |  1.3
Poison Magic   | 1 |  1.3
Dodging        | |  4.8
Stealth        | |  4.4
Necromancy     | |  7.2

Action                   |  1- 3 |  4- 6 || total
-------------------------+-------+-------++-------
Melee: Unarmed           |    34 |       ||    34
       Bite              |    10 |     9 ||    19
       Spear             |   118 |   105 ||   223
 Cast: Pain              |    16 |    29 ||    45
  Use: Scroll            |     6 |     3 ||     9
       Potion            |     1 |     2 ||     3
 Stab: Sleeping          |     9 |     5 ||    14
Armor: Robe              |    30 |    13 ||    43
Dodge: Dodged            |   124 |    61 ||   185
